 Dungeon Crawl Stone Soup version 0.20-a0-642-g4ff03ff (console) character file.

146 nht the Chopper (level 5, -1/41 HPs)
             Began as a Formicid Fighter on Feb 14, 2017.
             Slain by a gnoll
             ... wielding a +0 flail
              (13 damage)
             ... on level 3 of the Dungeon.
             The game lasted 00:02:12 (1670 turns).

nht the Chopper (Formicid Fighter)                  Turns: 1670, Time: 00:02:13

Health: -1/41      AC:  6    Str: 21    XL:     5   Next: 53%
Magic:  5/5        EV:  7    Int:  8    God:
Gold:   146        SH:  9    Dex: 10    Spells: 4/4 levels left

rFire    . . .     SeeInvis +   a - +0 war axe
rCold    . . .     Gourm    .   b - +0 scale mail
rNeg     + . .     Faith    .   c - +0 shield
rPois    .         Spirit   .   (helmet unavailable)
rElec    .         Reflect  .   (no cloak)
rCorr    .         Harm     .   (no gloves)
MR       .....                  (no boots)
Stlth    ..........             (no amulet)
Regen    0.2/turn               (no ring)
MPRegen  0.1/turn               j - ring of positive energy

@: no status effects
A: permanent stasis, dig shafts and tunnels, four strong arms, antennae 3
a: Dig, Shaft Self


You were on level 3 of the Dungeon.
You were not hungry.

You visited 1 branch of the dungeon, and saw 3 of its levels.

You collected 146 gold pieces.

Inventory:

Hand Weapons
 a - a +0 war axe (weapon)
Armour
 b - a +0 scale mail (worn)
 c - a +0 shield (worn)
Jewellery
 j - a ring of positive energy (left hand)
Scrolls
 e - a scroll of fear {unknown}
 k - 2 scrolls of magic mapping {unknown}
 l - a scroll of enchant armour {unknown}
 m - 2 scrolls of remove curse {unknown}
 n - 3 scrolls of identify {unknown}
 p - a scroll of enchant weapon {unknown}
 q - 2 scrolls of teleportation {unknown}
 t - a scroll of immolation {unknown}
Potions
 d - a potion of might
 o - a potion of curing {unknown}
 r - a potion of agility {unknown}
 s - a potion of degeneration {unknown}
 u - 2 potions of heal wounds
Comestibles
 f - a bread ration
 g - 2 fruits
 h - 6 chunks of flesh
 i - 3 meat rations


   Skills:
 - Level 3.2 Fighting
 + Level 5.3 Axes
 - Level 3.2 Armour
 - Level 3.6 Shields


You had 4 spell levels left.
You didn't know any spells.

Dungeon Overview and Level Annotations

Branches:
Dungeon (3/15)

Altars:


Innate Abilities, Weirdness & Mutations

You cannot be hasted, slowed, berserked, paralysed or teleported.
You can dig through walls and to a lower floor.
Your four strong arms can wield two-handed weapons with a shield.
You have a pair of large antennae on your head. (SInv)


Message History

You hit the jackal.
You kill the jackal!
You hit the jackal.
You kill the jackal!
The gnoll hits you with a flail.
A jackal comes into view.
There are monsters nearby!
You barely miss the gnoll.
The jackal barks!
You hear a shout!
You hear a bark!
The gnoll hits you with a flail.
Your shield and scale mail prevent you from hitting the gnoll.
The gnoll hits you with a flail.
* * * LOW HITPOINT WARNING * * *
You slash the gnoll!
The gnoll is heavily wounded.
You block the gnoll's attack.
You hit the gnoll.
The gnoll is almost dead.
The gnoll hits you with a flail!
You die... █++++████████

........... ≈
..$≈≈≈≈≈≈ ≈≈
..≈≈≈≈≈ ≈≈.
g≈≈≈≈ ..{ .h.
█.██g█ █..†@█
████.██
██...███
█......███████
██...█........
███..█.███████
██....█....█
..███████.█
██....█....█


You could see 2 gnolls and a jackal.

Vanquished Creatures
  Natasha (D:3)
  5 adders (D:2)
  3 adder skeletons (D:2)
  2 adder zombies (D:2)
  2 worms (D:2)
  2 dart slugs
  A leopard gecko (D:2)
  5 bats
  A giant cockroach (D:1)
  6 goblins
  4 hobgoblins
  8 jackals
  A quokka (D:2)
  2 ball pythons
  4 frilled lizards
  A giant cockroach zombie (D:2)
  A kobold (D:2)
  A leopard gecko zombie (D:2)
  6 rats
56 creatures vanquished.

Notes
Turn   | Place    | Note
-------+----------+-------------------------------------------
     0 | D:1      | nht the Formicid Fighter began the quest for the Orb.
     0 | D:1      | Reached XP level 1. HP: 18/18 MP: 1/1
   238 | D:1      | Reached XP level 2. HP: 24/24 MP: 2/2
   300 | D:1      | Reached skill level 3 in Axes
   430 | D:2      | Reached XP level 3. HP: 26/29 MP: 3/3
   634 | D:2      | Reached XP level 4. HP: 14/35 MP: 4/4
   650 | D:2      | Reached skill level 4 in Axes
  1228 | D:2      | Reached XP level 5. HP: 38/41 MP: 5/5
  1443 | D:2      | Reached skill level 5 in Axes
  1625 | D:3      | Noticed Natasha
  1640 | D:3      | Killed Natasha
  1670 | D:3      | Slain by a gnoll

Vault maps used:
D:1:      dpeg_arrival_orchard
D:2:      serial_undead, serial_undead_e, serial_undead_c, serial_undead_d,
          serial_undead_f
D:3:      lemuel_castle_with_subvaults, first_bread, lemuel_statue_altar,
          uniq_sigmund, uniq_natasha, uniq_jessica

Skill      XL: |  1  2  3  4  5 |
---------------+----------------+-----
Axes           | 3 4 5 |  5.3
Fighting       | |  3.2
Armour         | |  3.2
Shields        | |  3.6

Action                   |  1- 3 |  4- 6 || total
-------------------------+-------+-------++-------
Melee: War axe           |    90 |    89 ||   179
  Use: Potion            |       |     1 ||     1
  Eat: Chunk             |       |     3 ||     3
Armor: Scale mail        |    51 |    60 ||   111
Dodge: Dodged            |    34 |    37 ||    71
Block: Shield            |    54 |    62 ||   116
